| TOP OF THE 1ST |
|
University of Arizona Wildcats batting - Pitching for Vanderbilt University Commodores : RHP Gabriel Marsh
|
|
Pitching: RHP Gabriel Marsh
|
|
|
Batting: RHB Tatsuro Hamasaki
|
0-0: SINGLE (Groundball, 56D, EV 87.5 MPH) (infield hit)
|
|
Batting: LHB Pascal Noël
|
0-0: DOUBLE (Line Drive, 7LM, EV 96.9 MPH) Tatsuro Hamasaki to third Tatsuro Hamasaki scores
|
|
Batting: LHB Andrew Davis
|
0-0: Foul Ball, location: 2F 0-1: Ball 1-1: Ball 2-1: Ball 3-1: Base on Balls
|
|
Batting: LHB Mark Harris
|
0-0: Foul Ball, location: 2F 0-1: Ball 1-1: Called Strike 1-2: Fielders Choice at 2nd, 3-6 (Groundball, 34, EV 88.1 MPH) Pascal Noël to third
|
|
Batting: RHB Larry Harlow
|
0-0: Ball 1-0: Ball 2-0: Swinging Strike 2-1: Swinging Strike 2-2: Fly out, F7 (Flyball, 7D, EV 103.8 MPH) Runner from 3rd tags up, SCORES, throw by LF
|
|
Batting: RHB Eddy Amaya
|
0-0: Fly out, F8 (Flyball, 78M, EV 79.4 MPH)
|
| Top of the 1st over - 2 runs, 2 hits, 0 errors, 1 left on base; University of Arizona 2 - Vanderbilt University 0 |
| BOTTOM OF THE 1ST |
|
Vanderbilt University Commodores batting - Pitching for University of Arizona Wildcats : LHP Jason Luttrell
|
|
Pitching: LHP Jason Luttrell
|
|
|
Batting: RHB Jose Ramos
|
0-0: Fly out, F9 (Flyball, 9D, EV 96.9 MPH)
|
|
Batting: RHB Paul Johnson
|
0-0: Called Strike 0-1: Foul Ball, location: 2F 0-2: Fly out, F8 (Flyball, 8LD, EV 95.0 MPH)
|
|
Batting: RHB Pakiana Kileona
|
0-0: Ball 1-0: Ball 2-0: SINGLE (Flyball, 9LS, EV 94.4 MPH)
|
|
Batting: RHB Mamadou Morand
|
0-0: Ball 1-0: Ball 2-0: Foul Ball, location: 2F 2-1: Ball 3-1: Called Strike 3-2: Base on Balls Pakiana Kileona to second
|
|
Batting: LHB Josh Jett
|
0-0: Called Strike 0-1: Fly out, F9 (Flyball, 9, EV 93.8 MPH)
|
| Bottom of the 1st over - 0 runs, 1 hit, 0 errors, 2 left on base; University of Arizona 2 - Vanderbilt University 0 |
| TOP OF THE 2ND |
|
University of Arizona Wildcats batting - Pitching for Vanderbilt University Commodores : RHP Gabriel Marsh
|
|
Batting: LHB Jere Paatelainen
|
0-0: Ball 1-0: Ball 2-0: Ball 3-0: Base on Balls
|
|
Batting: SHB George Grace
|
0-0: Ball 1-0: Ball 2-0: Ball 3-0: Called Strike 3-1: Fly out, F8 (Flyball, 8RS, EV 88.1 MPH)
|
|
Batting: RHB Vince Parris
|
0-0: Called Strike 0-1: SINGLE (Line Drive, 7LS, EV 90.6 MPH) Jere Paatelainen to second
|
|
Batting: RHB Tatsuro Hamasaki
|
0-0: Fly out, F9 (Flyball, 9S, EV 86.9 MPH)
|
|
Batting: LHB Pascal Noël
|
0-0: 3-RUN HOME RUN (Flyball, 9D, EV 96.2 MPH), Distance : 352 ft
|
|
Batting: LHB Andrew Davis
|
0-0: Called Strike 0-1: Swinging Strike 0-2: Foul Ball, location: 2F 0-2: Ball 1-2: Ball 2-2: Strikes out swinging
|
| Top of the 2nd over - 3 runs, 2 hits, 0 errors, 0 left on base; University of Arizona 5 - Vanderbilt University 0 |
| BOTTOM OF THE 2ND |
|
Vanderbilt University Commodores batting - Pitching for University of Arizona Wildcats : LHP Jason Luttrell
|
|
Batting: SHB Adam Hoffman
|
0-0: Foul Ball, location: 2F 0-1: Ball 1-1: Ball 2-1: Called Strike 2-2: Strikes out looking
|
|
Batting: SHB D.J. Davis
|
0-0: Ball 1-0: Ball 2-0: Called Strike 2-1: Foul Ball, location: 2F 2-2: Ball 3-2: Strikes out swinging, 2-3 out at first.
|
|
Batting: SHB Paul Dupuis
|
0-0: Called Strike 0-1: Ball 1-1: Ball 2-1: Swinging Strike 2-2: Foul Ball, location: 2F 2-2: Ground out 6-3 (Groundball, 6, EV 90.0 MPH)
|
| Bottom of the 2nd over - 0 runs, 0 hits, 0 errors, 0 left on base; University of Arizona 5 - Vanderbilt University 0 |
| TOP OF THE 3RD |
|
University of Arizona Wildcats batting - Pitching for Vanderbilt University Commodores : RHP Gabriel Marsh
|
|
Batting: LHB Mark Harris
|
0-0: Ball 1-0: Ground out 4-3 (Groundball, 4M, EV 105.0 MPH)
|
|
Batting: RHB Larry Harlow
|
0-0: SINGLE (Groundball, 6M, EV 98.8 MPH)
|
|
Batting: RHB Eddy Amaya
|
0-0: Foul Ball, location: 2F 0-1: Ball 1-1: Called Strike 1-2: Ball 2-2: Grounds into double play, 6-4-3 (Groundball, 6, EV 87.5 MPH)
|
| Top of the 3rd over - 0 runs, 1 hit, 0 errors, 0 left on base; University of Arizona 5 - Vanderbilt University 0 |
| BOTTOM OF THE 3RD |
|
Vanderbilt University Commodores batting - Pitching for University of Arizona Wildcats : LHP Jason Luttrell
|
|
Batting: RHB Eric Hays
|
0-0: Foul Ball, location: 2F 0-1: Ball 1-1: Ball 2-1: Ground out U3 (Groundball, 34, EV 103.8 MPH)
|
|
Batting: RHB Jose Ramos
|
0-0: Foul Ball, location: 2F 0-1: Fly out, F9 (Flyball, 9LSF, EV 89.4 MPH)
|
|
Batting: RHB Paul Johnson
|
0-0: Ball 1-0: SINGLE (Groundball, 34, EV 101.2 MPH)
|
|
Batting: RHB Pakiana Kileona
|
0-0: Ball 1-0: Foul Ball, location: 2F 1-1: Called Strike 1-2: Strikes out looking
|
| Bottom of the 3rd over - 0 runs, 1 hit, 0 errors, 1 left on base; University of Arizona 5 - Vanderbilt University 0 |
| TOP OF THE 4TH |
|
University of Arizona Wildcats batting - Pitching for Vanderbilt University Commodores : RHP Gabriel Marsh
|
|
Batting: LHB Jere Paatelainen
|
0-0: Called Strike 0-1: Foul Ball, location: 2F 0-2: Ball 1-2: Foul Ball, location: 2F 1-2: Strikes out swinging
|
|
Batting: SHB George Grace
|
0-0: Called Strike 0-1: Ball 1-1: Ball 2-1: Foul Ball, location: 2F 2-2: Ball 3-2: Foul Ball, location: 2F 3-2: Ground out 5-3 (Groundball, 5, EV 87.5 MPH)
|
|
Batting: RHB Vince Parris
|
0-0: DOUBLE (Flyball, 89D, EV 104.4 MPH)
|
|
Pitching: RHP Tyler Patel
|
|
|
Batting: RHB Tatsuro Hamasaki
|
0-0: Ball 1-0: Ball 2-0: Ball 3-0: Called Strike 3-1: Base on Balls
|
|
Batting: LHB Pascal Noël
|
0-0: Ball 1-0: Foul Ball, location: 2F 1-1: Ball 2-1: DOUBLE (Line Drive, 7LM, EV 105.0 MPH) Vince Parris scores Tatsuro Hamasaki to third Runner from 3rd tries for Home, SAFE, throw by LF to trailing runner, SAFE at third!
|
|
Batting: LHB Andrew Davis
|
0-0: Swinging Strike 0-1: Swinging Strike 0-2: Ball 1-2: Strikes out swinging
|
| Top of the 4th over - 2 runs, 2 hits, 0 errors, 1 left on base; University of Arizona 7 - Vanderbilt University 0 |
| BOTTOM OF THE 4TH |
|
Vanderbilt University Commodores batting - Pitching for University of Arizona Wildcats : LHP Jason Luttrell
|
|
Batting: RHB Mamadou Morand
|
0-0: Ground out 6-3 (Groundball, 6, EV 103.8 MPH)
|
|
Batting: LHB Josh Jett
|
0-0: Called Strike 0-1: Foul Ball, location: 2F 0-2: Fly out, F7 (Line Drive, 7D, EV 91.2 MPH)
|
|
Batting: SHB Adam Hoffman
|
0-0: Ball 1-0: Foul Ball, location: 2F 1-1: Ground out 5-3 (Groundball, 56, EV 103.8 MPH)
|
| Bottom of the 4th over - 0 runs, 0 hits, 0 errors, 0 left on base; University of Arizona 7 - Vanderbilt University 0 |
| TOP OF THE 5TH |
|
University of Arizona Wildcats batting - Pitching for Vanderbilt University Commodores : RHP Tyler Patel
|
|
Batting: LHB Mark Harris
|
0-0: Foul Ball, location: 2F 0-1: SOLO HOME RUN (Flyball, 89XD, EV 97.5 MPH), Distance : 399 ft
|
|
Batting: RHB Larry Harlow
|
0-0: Foul Ball, location: 2F 0-1: Fly out, F1 (Line Drive, P, EV 74.4 MPH)
|
|
Batting: RHB Eddy Amaya
|
0-0: Ball 1-0: Foul Ball, location: 2F 1-1: Fly out, F7 (Flyball, 7, EV 90.0 MPH)
|
|
Batting: LHB Jere Paatelainen
|
0-0: Called Strike 0-1: Ball 1-1: Ball 2-1: Swinging Strike 2-2: Strikes out swinging
|
| Top of the 5th over - 1 run, 1 hit, 0 errors, 0 left on base; University of Arizona 8 - Vanderbilt University 0 |
| BOTTOM OF THE 5TH |
|
Vanderbilt University Commodores batting - Pitching for University of Arizona Wildcats : LHP Jason Luttrell
|
|
Batting: SHB D.J. Davis
|
0-0: Ball 1-0: Fly out, F8 (Flyball, 8RS, EV 86.9 MPH)
|
|
Batting: SHB Paul Dupuis
|
0-0: Ball 1-0: Foul Ball, location: 2F 1-1: Swinging Strike 1-2: Strikes out swinging
|
|
Batting: RHB Eric Hays
|
0-0: Swinging Strike 0-1: Ball 1-1: Foul Ball, location: 2F 1-2: Ball 2-2: Ball 3-2: Strikes out swinging
|
| Bottom of the 5th over - 0 runs, 0 hits, 0 errors, 0 left on base; University of Arizona 8 - Vanderbilt University 0 |
| TOP OF THE 6TH |
|
University of Arizona Wildcats batting - Pitching for Vanderbilt University Commodores : RHP Tyler Patel
|
|
Batting: SHB George Grace
|
0-0: Ball 1-0: Ground out 1-3 (Groundball, 34S, EV 68.8 MPH)
|
|
Batting: RHB Vince Parris
|
0-0: Ball 1-0: Ground out 6-3 (Groundball, 4M, EV 88.1 MPH)
|
|
Batting: RHB Tatsuro Hamasaki
|
0-0: Ball 1-0: Called Strike 1-1: Foul Ball, location: 2F 1-2: Foul Ball, location: 2F 1-2: SINGLE (Groundball, 56D, EV 103.1 MPH)
|
|
Pitching: RHP Milutin Mladjenovic
|
|
|
Batting: LHB Pascal Noël
|
0-0: Ball 1-0: Ball Tatsuro Hamasaki steals 2nd base 2-0: Called Strike 2-1: Fly out, F7 (Flyball, 7D, EV 93.8 MPH)
|
| Top of the 6th over - 0 runs, 1 hit, 0 errors, 1 left on base; University of Arizona 8 - Vanderbilt University 0 |
| BOTTOM OF THE 6TH |
|
Vanderbilt University Commodores batting - Pitching for University of Arizona Wildcats : LHP Jason Luttrell
|
|
Batting: RHB Jose Ramos
|
0-0: Ball 1-0: SINGLE (Flyball, 34D, EV 94.4 MPH)
|
|
Batting: RHB Paul Johnson
|
0-0: Called Strike 0-1: Ball 1-1: Called Strike 1-2: Ball 2-2: Ball 3-2: Base on Balls Jose Ramos to second
|
|
Batting: RHB Pakiana Kileona
|
0-0: Swinging Strike 0-1: Called Strike 0-2: Strikes out looking
|
|
Batting: RHB Mamadou Morand
|
0-0: Called Strike 0-1: Ball 1-1: Fielders Choice at 2nd, 3-6 (Groundball, 34S, EV 83.1 MPH) Jose Ramos to third
|
|
Batting: LHB Josh Jett
|
0-0: Hit by Pitch Mamadou Morand to second
|
|
Batting: SHB Adam Hoffman
|
0-0: SINGLE (Groundball, 34D, EV 95.6 MPH) Jose Ramos scores Mamadou Morand to third Josh Jett to second Runner from 3rd tries for Home, SAFE, throw by RF to home
|
|
Batting: SHB D.J. Davis
|
0-0: SINGLE (Line Drive, 78S, EV 106.2 MPH) Josh Jett to third Adam Hoffman to second Runner from 3rd tries for Home, throw by LF and OUT! 7-2
|
| Bottom of the 6th over - 2 runs, 3 hits, 0 errors, 2 left on base; University of Arizona 8 - Vanderbilt University 2 |
| TOP OF THE 7TH |
|
University of Arizona Wildcats batting - Pitching for Vanderbilt University Commodores : RHP Milutin Mladjenovic
|
|
Batting: LHB Andrew Davis
|
0-0: Ball 1-0: Called Strike 1-1: Foul Ball, location: 2F 1-2: Fly out, F8 (Line Drive, 8RD, EV 111.9 MPH)
|
|
Batting: LHB Mark Harris
|
0-0: Ball 1-0: Swinging Strike 1-1: Hit by Pitch
|
|
Batting: RHB Larry Harlow
|
0-0: Ball 1-0: Fly out, F8 (Flyball, 8RD, EV 93.1 MPH)
|
|
Batting: RHB Eddy Amaya
|
0-0: Swinging Strike 0-1: Ball 1-1: Foul Ball, location: 2F 1-2: Foul Ball, location: 2F 1-2: Ball 2-2: DOUBLE (Groundball, 5L, EV 111.9 MPH) Mark Harris to third Runner from 3rd tries for Home, SAFE, no throw by LF
|
|
Batting: LHB Jere Paatelainen
|
0-0: Swinging Strike 0-1: Called Strike 0-2: Foul Ball, location: 2F 0-2: Strikes out looking
|
| Top of the 7th over - 1 run, 1 hit, 0 errors, 1 left on base; University of Arizona 9 - Vanderbilt University 2 |
| BOTTOM OF THE 7TH |
|
Vanderbilt University Commodores batting - Pitching for University of Arizona Wildcats : LHP Jason Luttrell
|
|
Pitching: RHP Jimmy Serna
|
|
|
Batting: SHB Paul Dupuis
|
0-0: Ground out 1-3 (Groundball, 13S, EV 65.6 MPH)
|
|
Batting: RHB Eric Hays
|
0-0: Ball 1-0: Ball 2-0: Called Strike 2-1: Ball 3-1: Swinging Strike 3-2: Base on Balls
|
|
Batting: RHB Jose Ramos
|
0-0: Foul Ball, location: 2F 0-1: Reached on error, E3 (Groundball, 13, EV 83.1 MPH) Eric Hays to second
|
|
Batting: RHB Paul Johnson
|
0-0: Called Strike 0-1: Ball 1-1: Called Strike 1-2: Foul Ball, location: 2F 1-2: Foul Ball, location: 2F 1-2: Ball 2-2: Fielders Choice at 2nd, 3-6 (Groundball, 34, EV 99.4 MPH) Eric Hays to third
|
|
Batting: RHB Pakiana Kileona
|
0-0: Ball 1-0: Ground out 4-3 (Groundball, 4S, EV 85.6 MPH)
|
| Bottom of the 7th over - 0 runs, 0 hits, 1 error, 2 left on base; University of Arizona 9 - Vanderbilt University 2 |
| TOP OF THE 8TH |
|
University of Arizona Wildcats batting - Pitching for Vanderbilt University Commodores : RHP Milutin Mladjenovic
|
|
Pitching: RHP Matt Lane
|
|
|
Batting: SHB George Grace
|
0-0: Ball 1-0: Ball 2-0: Ball 3-0: Called Strike 3-1: Foul Ball, location: 2F 3-2: Ground out U3 (Groundball, 3S, EV 88.1 MPH)
|
|
Batting: RHB Vince Parris
|
0-0: Ball 1-0: Foul Ball, location: 2F 1-1: Ball 2-1: Foul Ball, location: 2F 2-2: Foul Ball, location: 2F 2-2: Ball 3-2: Foul Ball, location: 2F 3-2: Foul Ball, location: 2F 3-2: Fly out, F8 (Line Drive, 8LM, EV 91.9 MPH)
|
|
Batting: RHB Tatsuro Hamasaki
|
0-0: Swinging Strike 0-1: Ball 1-1: Swinging Strike 1-2: Hit by Pitch
|
|
Pitching: RHP Alex Guzman
|
|
|
Batting: LHB Pascal Noël
|
0-0: Called Strike 0-1: Called Strike 0-2: Ball 1-2: Ground out 4-3 (Groundball, 4, EV 78.8 MPH)
|
| Top of the 8th over - 0 runs, 0 hits, 0 errors, 1 left on base; University of Arizona 9 - Vanderbilt University 2 |
| BOTTOM OF THE 8TH |
|
Vanderbilt University Commodores batting - Pitching for University of Arizona Wildcats : RHP Jimmy Serna
|
|
Batting: RHB Mamadou Morand
|
0-0: Fly out, F4 (Popup, 23, EV 80.6 MPH)
|
|
Batting: LHB Josh Jett
|
0-0: Ground out 6-3 (Groundball, 6, EV 103.8 MPH)
|
|
Batting: SHB Adam Hoffman
|
0-0: Ball 1-0: Called Strike 1-1: Fly out, F8 (Flyball, 78D, EV 100.0 MPH)
|
| Bottom of the 8th over - 0 runs, 0 hits, 0 errors, 0 left on base; University of Arizona 9 - Vanderbilt University 2 |
| TOP OF THE 9TH |
|
University of Arizona Wildcats batting - Pitching for Vanderbilt University Commodores : RHP Alex Guzman
|
|
Batting: LHB Andrew Davis
|
0-0: Ball 1-0: Ground out 4-3 (Groundball, 13, EV 84.4 MPH)
|
|
Batting: LHB Mark Harris
|
0-0: Ball 1-0: Called Strike 1-1: Foul Ball, location: 2F 1-2: Ball 2-2: Ball 3-2: Strikes out swinging
|
|
Batting: RHB Larry Harlow
|
0-0: Ground out 6-3 (Groundball, 6, EV 88.8 MPH)
|
| Top of the 9th over - 0 runs, 0 hits, 0 errors, 0 left on base; University of Arizona 9 - Vanderbilt University 2 |
| BOTTOM OF THE 9TH |
|
Vanderbilt University Commodores batting - Pitching for University of Arizona Wildcats : RHP Jimmy Serna
|
|
Batting: SHB D.J. Davis
|
0-0: Called Strike 0-1: Foul Ball, location: 2F 0-2: Foul Ball, location: 2F 0-2: Ball 1-2: Strikes out swinging
|
|
Pitching: RHP Steve Wiest
|
|
|
Batting: SHB Paul Dupuis
|
0-0: SINGLE (Groundball, 5D, EV 95.6 MPH)
|
|
Batting: RHB Eric Hays
|
0-0: SINGLE (Groundball, 23, EV 68.1 MPH) (infield hit) Paul Dupuis to second
|
|
Batting: RHB Jose Ramos
|
0-0: Ball 1-0: Ball 2-0: Ball 3-0: Foul Ball, location: 2F 3-1: Called Strike 3-2: Reached on error, E5 (Groundball, 56, EV 85.6 MPH) Paul Dupuis to third Eric Hays to second
|
|
Batting: RHB Paul Johnson
|
0-0: Ball 1-0: Ball 2-0: Foul Ball, location: 2F 2-1: Fly out, F6 (Line Drive, 6, EV 63.8 MPH)
|
|
Batting: RHB Pakiana Kileona
|
0-0: Ball 1-0: Called Strike 1-1: Called Strike 1-2: Ball 2-2: Strikes out swinging
|
| Bottom of the 9th over - 0 runs, 2 hits, 1 error, 3 left on base; University of Arizona 9 - Vanderbilt University 2 |
|